[ AOE2 MATCH · #494127652 ]
UnrankedTurks vs Japanese
Player's team · WIN
Rival team · LOSS
[ REPLAY ANALYSIS · EXTRACTED FROM THE RECORDED GAME ]
Feudal
11:18
Castle
14:47
Imperial
30:43
| APM avg | 64.8 |
| APM peak | 108 |
| eAPM avg | 38.2 |
| Villagers / military | 155 / 60 |
Focus
⚔️ 28.7% · 🌾 71.3%
Hand Cannoneer ×47 · Monk ×5 · Spearman ×4 · Bombard Cannon ×3 · Mangonel ×1
Feudal
8:29
Castle
26:07
Imperial
—
| APM avg | 48.5 |
| APM peak | 90 |
| eAPM avg | 24.9 |
| Villagers / military | 95 / 62 |
Focus
⚔️ 41.4% · 🌾 58.6%
Archer ×18 · Monk ×15 · Scout Cavalry ×13 · Militia ×7 · Battering Ram ×4 · Spearman ×3
Match map
Initial resources + every placement click. Lines = walls · curves = elevation contours. ◆ gold · ⬟ stone · ● berries · ✦ relic · ◌ wall gap
Your base· ✓ Closed at 14:47 · 30t walls · 3 gate(s)
avlid's base· Open — unwalled flank
Smoothed initial terrain · ◌ = detected wall gap · hover for details
Inputs per minute
— Bebesona - - avlid
Build order — Bebesona
First 150 of 403 actions detected
| 0:02 | Queue | Villager (Male) |
| 0:02 | Queue | Villager (Male) |
| 0:02 | Queue | Villager (Male) |
| 0:03 | Queue | Villager (Male) |
| 0:03 | Queue | Villager (Male) |
| 0:04 | Build | House |
| 0:05 | Build | House |
| 1:32 | Queue | Villager (Male) |
| 1:32 | Queue | Villager (Male) |
| 2:00 | Build | Lumber Camp |
| 2:03 | Queue | Villager (Male) |
| 2:03 | Queue | Villager (Male) |
| 2:15 | Queue | Villager (Male) |
| 2:15 | Queue | Villager (Male) |
| 2:49 | Queue | Villager (Male) |
| 2:50 | Queue | Villager (Male) |
| 3:03 | Queue | Villager (Male) |
| 3:03 | Queue | Villager (Male) |
| 3:29 | Queue | Villager (Male) |
| 3:29 | Queue | Villager (Male) |
| 3:44 | Queue | Villager (Male) |
| 3:57 | Build | House |
| 3:58 | Build | House |
| 3:59 | Build | House |
| 4:07 | Build | House |
| 4:08 | Build | House |
| 4:12 | Queue | Villager (Male) |
| 4:12 | Queue | Villager (Male) |
| 4:35 | Queue | Villager (Male) |
| 4:35 | Queue | Villager (Male) |
| 5:02 | Queue | Villager (Male) |
| 5:02 | Queue | Villager (Male) |
| 5:42 | Queue | Villager (Male) |
| 6:30 | Build | Mill |
| 6:34 | Build | Mill |
| 7:20 | Queue | Villager (Male) |
| 7:20 | Queue | Villager (Male) |
| 7:27 | Queue | Villager (Male) |
| 7:54 | Build | Palisade Wall |
| 7:59 | Build | Palisade Wall |
| 8:00 | Build | Palisade Wall |
| 8:10 | Build | Palisade Gate |
| 8:16 | Build | Mining Camp |
| 8:17 | Queue | Villager (Male) |
| 8:42 | Build | Palisade Wall |
| 8:43 | Build | Palisade Wall |
| 8:44 | Build | Palisade Wall |
| 8:45 | Build | Palisade Wall |
| 8:51 | Build | Palisade Wall |
| 8:54 | Build | Palisade Wall |
| 9:05 | Build | Palisade Wall |
| 9:08 | Research | Feudal Age |
| 9:25 | Build | House |
| 9:49 | Build | Palisade Wall |
| 9:54 | Build | House |
| 10:33 | Build | Farm |
| 10:49 | Build | House |
| 10:59 | Build | Palisade Wall |
| 11:00 | Build | Palisade Wall |
| 11:05 | Research | Loom |
| 11:13 | Build | Palisade Wall |
| 11:18 | Age | Feudal Age |
| 11:23 | Build | Market |
| 11:30 | Build | Blacksmith |
| 11:40 | Build | House |
| 11:53 | Build | Palisade Wall |
| 12:07 | Research | Castle Age |
| 12:07 | Research | Castle Age |
| 12:35 | Build | House |
| 12:42 | Build | House |
| 12:45 | Build | House |
| 12:46 | Build | Palisade Wall |
| 13:01 | Build | Palisade Wall |
| 13:12 | Research | Double-Bit Axe |
| 13:12 | Research | Double-Bit Axe |
| 13:19 | Build | Farm |
| 13:22 | Build | Farm |
| 13:33 | Queue | Villager (Male) |
| 13:53 | Build | Palisade Wall |
| 14:10 | Build | Farm |
| 14:11 | Build | Farm |
| 14:16 | Build | House |
| 14:19 | Queue | Villager (Male) |
| 14:47 | Age | Castle Age |
| 14:50 | Build | Siege Workshop |
| 14:52 | Queue | Villager (Male) |
| 14:58 | Build | House |
| 14:59 | Build | Palisade Wall |
| 15:10 | Build | House |
| 15:13 | Build | House |
| 15:19 | Build | Gate |
| 15:23 | Build | Gate |
| 15:28 | Queue | Mangonel |
| 15:31 | Queue | Villager (Male) |
| 16:00 | Build | Monastery |
| 16:02 | Queue | Villager (Male) |
| 16:16 | Queue | Villager (Male) |
| 16:45 | Build | Town Center |
| 16:50 | Build | Town Center |
| 16:51 | Queue | Villager (Male) |
| 16:52 | Queue | Monk |
| 17:16 | Build | Farm |
| 17:19 | Queue | Monk |
| 17:38 | Queue | Villager (Male) |
| 17:39 | Queue | Villager (Male) |
| 18:03 | Queue | Villager (Male) |
| 18:03 | Queue | Villager (Male) |
| 18:10 | Queue | Villager (Male) |
| 18:39 | Build | Palisade Gate |
| 18:42 | Build | Palisade Gate |
| 19:03 | Build | Palisade Gate |
| 19:09 | Build | Palisade Wall |
| 19:12 | Build | Palisade Wall |
| 19:22 | Build | Farm |
| 19:29 | Queue | Villager (Male) |
| 19:32 | Build | Farm |
| 19:32 | Build | Farm |
| 19:32 | Build | Farm |
| 19:33 | Build | Farm |
| 19:33 | Build | Farm |
| 19:33 | Build | Farm |
| 19:34 | Build | Farm |
| 19:34 | Build | Farm |
| 19:34 | Build | Farm |
| 19:43 | Queue | Villager (Male) |
| 19:43 | Queue | Villager (Male) |
| 19:43 | Queue | Villager (Male) |
| 19:56 | Queue | Villager (Male) |
| 19:57 | Queue | Villager (Male) |
| 20:05 | Build | Farm |
| 20:06 | Build | Farm |
| 20:11 | Build | House |
| 20:13 | Build | Palisade Wall |
| 20:15 | Build | Palisade Wall |
| 20:17 | Build | Palisade Wall |
| 20:17 | Queue | Villager (Male) |
| 20:18 | Queue | Villager (Male) |
| 20:20 | Build | House |
| 20:22 | Build | House |
| 20:35 | Queue | Villager (Male) |
| 20:36 | Queue | Villager (Male) |
| 20:37 | Queue | Monk |
| 20:56 | Queue | Villager (Male) |
| 21:05 | Queue | Villager (Male) |
| 21:05 | Queue | Villager (Male) |
| 21:15 | Queue | Villager (Male) |
| 21:15 | Queue | Villager (Male) |
| 21:19 | Build | Town Center |
| 21:24 | Queue | Villager (Male) |
| 21:24 | Queue | Villager (Male) |
Build order — avlid
First 150 of 273 actions detected
| 0:00 | Queue | Villager (Male) |
| 0:00 | Queue | Villager (Male) |
| 0:02 | Build | House |
| 0:03 | Build | House |
| 0:16 | Queue | Villager (Male) |
| 0:17 | Queue | Villager (Male) |
| 1:29 | Build | Lumber Camp |
| 1:32 | Queue | Villager (Male) |
| 1:32 | Queue | Villager (Male) |
| 1:57 | Queue | Villager (Male) |
| 1:57 | Queue | Villager (Male) |
| 2:11 | Build | House |
| 2:22 | Queue | Villager (Male) |
| 2:22 | Queue | Villager (Male) |
| 2:54 | Queue | Villager (Male) |
| 2:54 | Queue | Villager (Male) |
| 3:14 | Queue | Villager (Male) |
| 3:14 | Queue | Villager (Male) |
| 3:36 | Queue | Villager (Male) |
| 3:36 | Queue | Villager (Male) |
| 4:01 | Queue | Villager (Male) |
| 4:02 | Queue | Villager (Male) |
| 4:07 | Build | Barracks |
| 4:18 | Queue | Villager (Male) |
| 4:19 | Queue | Villager (Male) |
| 4:20 | Queue | Villager (Male) |
| 4:21 | Queue | Villager (Male) |
| 4:52 | Build | House |
| 5:22 | Queue | Villager (Male) |
| 5:42 | Research | Loom |
| 5:43 | Build | House |
| 6:19 | Research | Feudal Age |
| 6:47 | Queue | Militia |
| 6:47 | Queue | Militia |
| 6:53 | Build | Mining Camp |
| 7:10 | Queue | Militia |
| 7:48 | Queue | Villager (Male) |
| 8:24 | Build | Mill |
| 8:29 | Age | Feudal Age |
| 8:31 | Build | Archery Range |
| 8:34 | Research | Man-at-Arms (upgrade) |
| 8:50 | Queue | Villager (Male) |
| 9:09 | Queue | Villager (Male) |
| 9:34 | Queue | Archer |
| 9:37 | Build | House |
| 9:40 | Queue | Villager (Male) |
| 9:47 | Build | Mill |
| 9:56 | Queue | Villager (Male) |
| 10:00 | Build | Blacksmith |
| 10:23 | Queue | Archer |
| 10:23 | Queue | Archer |
| 10:32 | Queue | Villager (Male) |
| 10:51 | Build | Watch Tower |
| 10:56 | Queue | Villager (Male) |
| 11:06 | Queue | Villager (Male) |
| 11:23 | Queue | Archer |
| 11:29 | Queue | Villager (Male) |
| 11:51 | Queue | Villager (Male) |
| 11:55 | Research | Fletching |
| 11:58 | Build | Farm |
| 11:59 | Build | Farm |
| 12:03 | Build | House |
| 12:05 | Queue | Villager (Male) |
| 12:18 | Queue | Villager (Male) |
| 12:27 | Queue | Villager (Male) |
| 12:28 | Queue | Archer |
| 12:34 | Build | Farm |
| 12:53 | Queue | Villager (Male) |
| 12:56 | Queue | Archer |
| 13:03 | Research | Town Watch |
| 13:06 | Research | Double-Bit Axe |
| 13:06 | Research | Double-Bit Axe |
| 13:18 | Queue | Archer |
| 13:21 | Build | Palisade Wall |
| 13:22 | Build | Palisade Wall |
| 13:27 | Queue | Villager (Male) |
| 13:46 | Build | House |
| 13:53 | Queue | Villager (Male) |
| 13:55 | Queue | Archer |
| 13:57 | Build | Farm |
| 14:13 | Build | House |
| 14:28 | Build | House |
| 14:38 | Queue | Villager (Male) |
| 15:01 | Queue | Villager (Male) |
| 15:21 | Queue | Villager (Male) |
| 15:28 | Build | Stable |
| 15:30 | Research | Scale Barding Armor |
| 15:50 | Build | Market |
| 15:51 | Queue | Villager (Male) |
| 16:05 | Queue | Villager (Male) |
| 16:33 | Queue | Scout Cavalry |
| 16:34 | Build | House |
| 16:34 | Build | House |
| 16:41 | Queue | Villager (Male) |
| 16:48 | Build | Farm |
| 16:52 | Build | Lumber Camp |
| 16:54 | Build | House |
| 16:55 | Build | Palisade Wall |
| 16:58 | Queue | Scout Cavalry |
| 16:58 | Queue | Scout Cavalry |
| 16:59 | Queue | Villager (Male) |
| 17:17 | Build | Mining Camp |
| 17:20 | Research | Gold Mining |
| 17:23 | Build | Palisade Wall |
| 17:24 | Build | House |
| 17:25 | Build | House |
| 17:43 | Build | Farm |
| 17:44 | Queue | Villager (Male) |
| 17:49 | Queue | Villager (Male) |
| 17:51 | Research | Horse Collar |
| 18:00 | Queue | Villager (Male) |
| 18:07 | Queue | Villager (Male) |
| 18:38 | Queue | Scout Cavalry |
| 18:38 | Queue | Scout Cavalry |
| 19:26 | Queue | Villager (Male) |
| 19:29 | Build | Farm |
| 19:36 | Build | Farm |
| 19:36 | Build | Farm |
| 19:36 | Build | Farm |
| 19:36 | Build | Farm |
| 19:37 | Build | Farm |
| 19:37 | Build | Farm |
| 19:37 | Build | Farm |
| 19:39 | Build | Farm |
| 19:39 | Build | Farm |
| 19:39 | Build | Farm |
| 19:40 | Build | Farm |
| 19:40 | Build | Farm |
| 19:42 | Queue | Villager (Male) |
| 19:42 | Queue | Villager (Male) |
| 19:44 | Build | House |
| 19:44 | Build | House |
| 19:45 | Build | House |
| 19:55 | Build | Watch Tower |
| 20:04 | Research | Bloodlines |
| 20:34 | Queue | Scout Cavalry |
| 20:34 | Queue | Scout Cavalry |
| 20:34 | Queue | Scout Cavalry |
| 20:47 | Queue | Villager (Male) |
| 21:14 | Queue | Villager (Male) |
| 21:14 | Queue | Villager (Male) |
| 21:20 | Build | Farm |
| 21:20 | Build | Farm |
| 21:20 | Build | Farm |
| 21:26 | Build | House |
| 21:27 | Build | House |
| 21:36 | Research | Wheelbarrow |
| 21:41 | Build | Watch Tower |
| 22:21 | Build | Farm |
| 23:21 | Build | Palisade Wall |
Match timeline
| 4:07 | avlid · first_building Barracks |
| 7:54 | Bebesona · wall_segment Palisade Wall x7 |
| 7:59 | Bebesona · wall_segment Palisade Wall x3 |
| 8:00 | Bebesona · wall_segment Palisade Wall x6 |
| 8:29 | avlid · age_up feudal |
| 8:31 | avlid · first_building Archery Range |
| 8:42 | Bebesona · wall_segment Palisade Wall x1 |
| 8:43 | Bebesona · wall_segment Palisade Wall x1 |
| 8:44 | Bebesona · wall_segment Palisade Wall x1 |
| 8:45 | Bebesona · wall_segment Palisade Wall x1 |
| 8:51 | Bebesona · wall_segment Palisade Wall x1 |
| 8:54 | Bebesona · wall_segment Palisade Wall x1 |
| 9:05 | Bebesona · wall_segment Palisade Wall x1 |
| 9:49 | Bebesona · wall_segment Palisade Wall x1 |
| 10:59 | Bebesona · wall_segment Palisade Wall x1 |
| 11:00 | Bebesona · wall_segment Palisade Wall x1 |
| 11:13 | Bebesona · wall_segment Palisade Wall x1 |
| 11:18 | Bebesona · age_up feudal |
| 11:53 | Bebesona · wall_segment Palisade Wall x1 |
| 12:46 | Bebesona · wall_segment Palisade Wall x1 |
| 13:01 | Bebesona · wall_segment Palisade Wall x1 |
| 13:11 | Bebesona · first_market_buy 100 food |
| 13:21 | avlid · wall_segment Palisade Wall x1 |
| 13:22 | avlid · wall_segment Palisade Wall x1 |
| 13:53 | Bebesona · wall_segment Palisade Wall x1 |
| 14:47 | Bebesona · age_up castle |
| 14:50 | Bebesona · first_building Siege Workshop |
| 14:59 | Bebesona · wall_segment Palisade Wall x1 |
| 15:28 | avlid · first_building Stable |
| 16:00 | Bebesona · first_building Monastery |
| 16:55 | avlid · wall_segment Palisade Wall x1 |
| 17:23 | avlid · wall_segment Palisade Wall x1 |
| 17:46 | avlid · first_market_buy 100 food |
| 19:09 | Bebesona · wall_segment Palisade Wall x1 |
| 19:12 | Bebesona · wall_segment Palisade Wall x1 |
| 20:13 | Bebesona · wall_segment Palisade Wall x1 |
| 20:15 | Bebesona · wall_segment Palisade Wall x1 |
| 20:17 | Bebesona · wall_segment Palisade Wall x1 |
| 21:14 | Bebesona · first_market_sell 100 wood |
| 22:06 | Bebesona · wall_segment Stone Wall x1 |
| 22:18 | avlid · first_market_sell 500 wood |
| 23:21 | avlid · wall_segment Palisade Wall x1 |
| 23:22 | avlid · wall_segment Palisade Wall x1 |
| 26:07 | avlid · age_up castle |
| 26:14 | avlid · first_building Siege Workshop |
| 26:23 | Bebesona · first_building Barracks |
| 26:28 | avlid · first_building Monastery |
| 28:20 | Bebesona · first_building Archery Range |
| 30:03 | avlid · first_building Castle |
| 30:31 | Bebesona · wall_segment Stone Wall x1 |
| 30:43 | Bebesona · age_up imperial |
| 37:09 | Bebesona · first_building Castle |
| 38:25 | avlid · resign |
[ AI ANALYSIS · 1 CREDIT ]
What really happened in this match?
Wolo.gg analyzes every decision: build order, eco, micro, common mistakes by bracket. Personalized analysis on WhatsApp or Discord in 30 seconds.
Civ guide
Turks
Perfil
Jugador #4388684